 Dungeon Crawl Stone Soup version 0.27.1-2-g3b301248ec (webtiles) character file.

Game seed: 18033965465633303609

221 barney the Changer (level 5, -3/40 HPs)
             Began as a Draconian Transmuter on Sept 28, 2021.
             Slain by Sigmund (13 damage)
             ... on level 3 of the Dungeon.
             The game lasted 00:05:12 (4072 turns).

barney the Changer (Draconian Transmuter)           Turns: 4072, Time: 00:05:12

Health: -3/40      AC:  2    Str: 12    XL:     5   Next: 65%
Magic:  5/8        EV: 19    Int: 15    God:
Gold:   71         SH:  0    Dex: 16    Spells: 4/8 levels left

rFire    + . .     SeeInvis .     - Unarmed
rCold    x . .     Faith    +   (shield currently unavailable)
rNeg     . . .     Spirit   .   (armour unavailable)
rPois    x         Reflect  .   (helmet currently unavailable)
rElec    .         Harm     .   (cloak currently unavailable)
rCorr    .         Rampage  .   (gloves currently unavailable)
Will     .....                  (boots currently unavailable)
Stlth    +.........             h - amulet of faith
HPRegen  0.13/turn              g - ring of fire
MPRegen  0.11/turn              (no ring)

@: spider-form
A: venomous fangs, AC +5, tiny, unfitting armour, (cold-blooded)
a: End Transformation


You were on level 3 of the Dungeon.
You were a venomous arachnid creature.
You visited 1 branch of the dungeon, and saw 3 of its levels.

You collected 71 gold pieces.

Inventory:

Hand Weapons
 f - a +0 short sword (melded)
Jewellery
 g - a ring of fire (left front leg)
 h - an amulet of faith (around neck)
Wands
 b - a wand of digging (2)
Scrolls
 a - 2 scrolls of identify
 c - 2 scrolls of amnesia


   Skills:
 - Level 1.1 Fighting
 - Level 1.7 Dodging
 + Level 4.1 Unarmed Combat
 - Level 2.0 Spellcasting
 * Level 5.2 Transmutations


You had 4 spell levels left.
You knew the following spells:

 Your Spells              Type           Power      Damage    Failure   Level
a - Beastly Appendage     Tmut           34%        N/A       10%         1
b - Spider Form           Tmut/Pois      4%         N/A       43%         3

Your spell library contained the following spells:

 Spells                   Type           Power      Damage    Failure   Level
 Wereblood                Tmut           17%        N/A       12%         2
 Ice Form                 Ice/Tmut       9%         N/A       78%         4


Dungeon Overview and Level Annotations

Branches:
Dungeon (3/15)

Altars:
Okawaru
Uskayaw

Annotations:
D:3 Sigmund


Innate Abilities, Weirdness & Mutations

You are a venomous arachnid creature.
You have poisonous fangs.
You are tiny and dextrous.
Your spellcasting is less reliable in this form.
Your armour is entirely melded.
You are incapable of wielding weapons or throwing items.
((Your plain brown scales are hard. (AC +5)))
You cannot fit into any form of body armour.
((You are cold-blooded and may be slowed by cold attacks.))


Message History

The adder is lightly wounded.
The adder bites you but does no damage. Something hits you.
You miss the adder.
The adder is lightly wounded.
The adder bites you but does no damage. x2
You barely miss the adder.
The adder is lightly wounded.
Something hits you. The adder bites you but does no damage.
You miss the adder.
The adder is lightly wounded.
The adder bites you but does no damage. Something hits you.
The adder bites you but does no damage.
You hit the adder.
The adder is moderately wounded.
The adder bites you but does no damage. Something hits you.
You barely miss the adder.
The adder is moderately wounded.
The adder bites you but does no damage. x2
You hit the adder.
The adder is almost dead.
Your transformation is almost over.
Something hits you but does no damage. The adder bites you but does no damage.
You hit the adder.
You kill the adder!
Something hits you. Something hits you! Something hits you.
* * * LOW HITPOINT WARNING * * *
Something hits you but does no damage. Something hits you but does no damage.
You feel less wooden. Something hits you.
* * * LOW HITPOINT WARNING * * *
Casting: Spider Form (quite dangerous; 22% risk of failure)
Confirm with . or Enter, or press ? or * to list all spells.
The spell is quite dangerous to cast (22% risk of failure)!
Continue anyway?
You turn into a venomous arachnid creature.
Your +0 short sword melds into your body.
Something hits you!
You die...

#...# #...#
#...# #...# ##
#####...# #####
<.
+.......+......
.. #..{.......
#. ##.###'###.
#. #. ##s# #.
#.###..###.###
#.
#......'.._..'
#.
###.##.#######
#. ####.#..# #.
.[......#######
#.
...#.#..........
###+#.
...#.#..##......
#.....
#....#####.###
#....#


There were no monsters in sight!

Vanquished Creatures
  An orc priest (D:3)
  Terence (D:2)
  4 gnolls (D:3)
  6 adders
  2 worms (D:2)
  3 dart slugs
  4 orcs (D:3)
  An endoplasm (D:2)
  A giant cockroach (D:2)
  7 goblins
  3 hobgoblins
  3 jackals (D:2)
  4 kobolds
  3 quokkas
  12 ball pythons
  A bat (D:1)
  4 frilled lizards
  A rat (D:1)
61 creatures vanquished.

Notes
Turn   | Place    | Note
-------+----------+-------------------------------------------
     0 | D:1      | barney the Draconian Transmuter began the quest for the
                  | Orb.
     0 | D:1      | Reached XP level 1. HP: 16/16 MP: 3/3
   744 | D:1      | Reached XP level 2. HP: 16/23 MP: 3/5
   982 | D:1      | Reached skill level 3 in Transmutations
  1454 | D:2      | Reached XP level 3. HP: 16/28 MP: 4/6
  1470 | D:1      | Learned a level 3 spell: Spider Form
  2391 | D:2      | Reached skill level 4 in Transmutations
  2391 | D:2      | Reached XP level 4. HP: 34/35 MP: 7/7
  2475 | D:2      | Noticed Terence
  2498 | D:2      | Killed Terence
  3028 | D:3      | Reached XP level 5. HP: 7/40 MP: 4/8
  3356 | D:3      | Noticed a phantom
  3771 | D:3      | Reached skill level 5 in Transmutations
  3953 | D:3      | Found an iron altar of Okawaru.
  4034 | D:3      | Found a hide-covered altar of Uskayaw.
  4037 | D:3      | Noticed Sigmund
  4072 | D:3      | Slain by Sigmund

Illustrated notes

Levels and vault maps discovered:
D:1:      minmay_arrival_stone_box, layout_loops_ring, serial_glass,
          glass_columns_c, glass_columns_a, glass_columns_c, glass_columns_b
D:2:      layout_basic, minmay_snake_closets, uniq_terence
D:3:      layout_basic, grunt_qazlal_clouds, lemuel_doored_altar,
          mainiacjoe_overflow_surrounded_room, uniq_sigmund

Skill      XL: |  1  2  3  4  5 |
---------------+----------------+-----
Transmutations | 3 4 5 |  5.2
Unarmed Combat | 4 |  4.1
Fighting       | |  1.1
Dodging        | |  1.7
Spellcasting   | |  2.0

Action                   |  1- 3 |  4- 6 || total
-------------------------+-------+-------++-------
Melee: Unarmed           |    75 |    42 ||   117
       Kick              |    11 |       ||    11
       Tailslap          |    10 |     1 ||    11
       Headbutt          |     9 |       ||     9
       Punch             |     3 |       ||     3
       Short sword       |    33 |    59 ||    92
 Cast: Beastly Appendage |    18 |       ||    18
       Spider Form       |     1 |     8 ||     9
Evoke: Wand              |       |     2 ||     2
  Use: Potion            |       |     7 ||     7
       Scroll            |       |     4 ||     4
 Stab: Sleeping          |       |     1 ||     1
Armor: Skin              |    30 |    55 ||    85
Dodge: Dodged            |    72 |    88 ||   160
